[Event "*** Titled Tuesday Blitz"]
[Site "Chess.com"]
[Date "2020.04.07"]
[Round "3"]
[White "maxip32"]
[Black "Icewizard1"]
[Result "0-1"]
[WhiteElo "2486"]
[BlackElo "2872"]
[TimeControl "180+1"]
[EndTime "13:28:21 PDT"]
[Termination "Icewizard1 won on time"]

1. e4 c5 2. Nf3 d6 3. d4 cxd4 4. Nxd4 Nf6 5. Nc3 g6 6. Be3 Bg7 7. f3 O-O 8. Qd2 Nc6 9. g4 Bd7 10. h4 Rc8 11. h5 Ne5 12. O-O-O Qa5 13. Nb3 Qc7 14. Be2 b5 15. hxg6 fxg6 16. Bh6 b4 17.
Nd5 Nxd5 18. Qxd5+ Rf7 19. Rd2 a5 20. Bxg7 Kxg7 21. Kb1 a4 22. Nd4 Qc5 23. Ne6+ Bxe6 24. Qxe6 Rcf8 25. g5 Qe3 26. Rhd1 Qxg5 27. Qh3 Qe3 28.
Qh4 a3 0-1

[Event "*** Titled Tuesday Blitz"]
[Site "Chess.com"]
[Date "2020.04.07"]
[Round "3"]
[White "indfraeng"]
[Black "Vyacheslav_N"]
[Result "0-1"]
[WhiteElo "2249"]
[BlackElo "2476"]
[TimeControl "180+1"]
[EndTime "13:28:21 PDT"]
[Termination "Vyacheslav_N won by checkmate"]

1. d4 f5 2. Nc3 Nf6 3. Bg5 g6 4. h4 h6 5. Bxf6 exf6 6. e3 h5 7. Bd3 d5 8. Nge2 c6 9. Nf4 Kf7 10. f3 b5 11. g4 Qe8 12. Qe2 b4 13. Nd1 hxg4 14. fxg4 g5 15. Nh5 fxg4 16. Ng3 Rxh4 17. Rxh4 gxh4 18. Nf5 c5 19. Qxg4 Bd7 20. Qxh4 c4 21.
Qh5+ Ke6 22. Qh3 cxd3 23. cxd3 Kf7 24. Qh5+ Ke6 25. Qg4 Kf7 26. Qh5+ Ke6 27. e4 Qxh5 28. Nde3 Qh1+ 29. Kd2 Qxa1 30. exd5+ Kf7 31. Ng4 Qxb2+ 32. Ke3 Bxf5 33. Kf4 Bxg4 34. Kxg4 Qxd4+ 35. Kf5 Qxd3+ 36. Kf4 Qxd5 37. a4 Qe5+ 38. Kf3 b3 39. Kf2 b2 40.
Kf3 b1=Q 41. Kg4 Qb3 42. Kh4 Qb4+ 43. Kh3 Qec3+ 44. Kg2 Qbb2+ 45. Kf1 Qcc1# 0-1

[Event "*** Titled Tuesday Blitz"]
[Site "Chess.com"]
[Date "2020.04.07"]
[Round "3"]
[White "Azerichess"]
[Black "BakaPG"]
[Result "1-0"]
[WhiteElo "3005"]
[BlackElo "2692"]
[TimeControl "180+1"]
[EndTime "13:28:22 PDT"]
[Termination "Azerichess won by resignation"]

1. d4 d5 2. c4 c6 3. Nf3 Nf6 4. Qb3 dxc4 5. Qxc4 b5 6. Qc2 Bb7 7. e4 Nbd7 8. e5 Nd5 9. e6 fxe6 10. Ng5 N7f6 11.
Nxe6 Qd6 12. Nc5 Rb8 13. Nc3 e5 14. N5e4 Nxe4 15. Qxe4 Be7 16. Nxd5 Qxd5 17. Qxd5 cxd5 18. Bxb5+ Kf7 19. dxe5 Bb4+ 20. Ke2 d4 21. Bc4+ Kg6 22. b3 Bc3 23. Rb1 Be4 24. Bd3 Kf5 25. f4 h5 26. g3 Rh6 27. Bd2 Rc8 28. Rbc1 Rhc6 29. h3 Bxd2 30. Rxc6 Bxd3+ 31. Kxd2 Rxc6 32. Kxd3 Rc3+ 33. Kxd4 Rxg3 34. Re1 Rg2 35. e6 Rd2+ 36. Kc5 Rd8 37. e7 Re8 38. Kd6 1-0

[Event "*** Titled Tuesday Blitz"]
[Site "Chess.com"]
[Date "2020.04.07"]
[Round "3"]
[White "Misi_95"]
[Black "Indianlad"]
[Result "0-1"]
[WhiteElo "2703"]
[BlackElo "3014"]
[TimeControl "180+1"]
[EndTime "13:28:23 PDT"]
[Termination "Indianlad won by resignation"]

1. Nf3 Nf6 2. g3 b5 3. Bg2 Bb7 4. O-O e6 5. a4 b4 6. b3 c5 7. Bb2 Be7 8. d3 O-O 9. e4 d5 10. Nbd2 Nc6 11. Re1 Rc8 12. exd5 Nxd5 13. Ne4 h6 14. h4 Qd7 15. a5 f5 16. Ned2 Bf6 17.
Bxf6 Rxf6 18. Nc4 f4 19. a6 Ba8 20. Nfe5 Nxe5 21. Nxe5 Qc7 22. Qg4 h5 23. Qh3 Nc3 24.
Bxa8 Rxa8 25. Nc4 fxg3 26. fxg3 Qd7 27. Qg2 Raf8 28. Rf1 Qd4+ 29. Kh1 Rf2 30. Rxf2 Rxf2 31. Qa8+ Kh7 32. Re1 Qg4 0-1

[Event "*** Titled Tuesday Blitz"]
[Site "Chess.com"]
[Date "2020.04.07"]
[Round "3"]
[White "AminMolaei"]
[Black "quesfr"]
[Result "1-0"]
[WhiteElo "2523"]
[BlackElo "2189"]
[TimeControl "180+1"]
[EndTime "13:28:23 PDT"]
[Termination "AminMolaei won by resignation"]

1. d4 d5 2. c4 e6 3. Nc3 Nf6 4. cxd5 exd5 5. Bg5 c6 6. Be3 Bd6 7. f3 Bf5 8. Bf2 O-O 9. e3 Re8 10. Bd3 Qd7 11. Nge2 Na6 12. Bxa6 bxa6 13. O-O Rab8 14. Na4 c5 15. dxc5 Be5 16. Nd4 Bg6 17. b3 Rec8 18.
Rc1 Qc7 19. h3 Nh5 20. f4 Bxd4 21. Qxd4 Be4 22. Bh4 a5 23. g4 Rb4 24. Qe5 Qd7 25. Qxh5 Re8 26. c6 Qc7 27. Bg3 Bd3 28. Rfe1 d4 29.
exd4 Rxe1+ 1-0

[Event "*** Titled Tuesday Blitz"]
[Site "Chess.com"]
[Date "2020.04.07"]
[Round "3"]
[White "reigningmvp"]
[Black "ehrenfeld"]
[Result "1-0"]
[WhiteElo "2259"]
[BlackElo "2429"]
[TimeControl "180+1"]
[EndTime "13:28:24 PDT"]
[Termination "reigningmvp won by resignation"]

1. e4 e5 2. Nf3 Nc6 3. Bc4 Nf6 4. d3 h6 5. c3 d6 6. Nbd2 g5 7. Bb3 Bg7 8. Nc4 O-O 9. Ne3 g4 10. Nd2 Ne7 11. Ndf1 d5 12. Ng3 dxe4 13. dxe4 Qxd1+ 14. Bxd1 Be6 15. Ngf5 Bxf5 16. exf5 h5 17. h3 Rad8 18. hxg4 hxg4 19. Rh4 g3 20. fxg3 Rd7 21. Bf3 Rfd8 22. g4 e4 23. Be2 Nfd5 24. Nxd5 Nxd5 25. g5 Nxc3 26. f6 Nxe2 27. Kxe2 Bf8 28. Be3 1-0

[Event "*** Titled Tuesday Blitz"]
[Site "Chess.com"]
[Date "2020.04.07"]
[Round "3"]
[White "PawnEatingZombie"]
[Black "zmeeed67"]
[Result "0-1"]
[WhiteElo "2130"]
[BlackElo "2371"]
[TimeControl "180+1"]
[EndTime "13:28:24 PDT"]
[Termination "zmeeed67 won by resignation"]

1. d4 d5 2. c4 e6 3. Nc3 c6 4. e3 Nf6 5. Nf3 Nbd7 6. Qc2 b6 7. b3 Bb7 8. Bd3 Rc8 9. Bb2 c5 10.
cxd5 cxd4 11. Nxd4 Nxd5 12. O-O Bb4 13. Nde2 N7f6 14.
a3 Bxc3 15. Nxc3 Nxc3 16. Bxc3 Nd5 17. Bb5+ Ke7 18. Rfd1 Rxc3 19. Qb2 Rc5 20. Bc4 Qb8 21. e4 Nf6 0-1

[Event "*** Titled Tuesday Blitz"]
[Site "Chess.com"]
[Date "2020.04.07"]
[Round "3"]
[White "Fandorine"]
[Black "francyIM"]
[Result "1-0"]
[WhiteElo "2972"]
[BlackElo "2677"]
[TimeControl "180+1"]
[EndTime "13:28:25 PDT"]
[Termination "Fandorine won by resignation"]

1. e4 e5 2. Nf3 Nc6 3. d4 exd4 4.
Nxd4 Nf6 5. Nxc6 bxc6 6. Bd3 d5 7. exd5 cxd5 8. O-O Be6 9. Bb5+ Bd7 10. Re1+ Be7 11. Bxd7+ Qxd7 12. Qe2 h6 13. h3 Kf8 14. Nd2 Bd6 15. Nf3 Re8 16. Be3 c5 17. c3 Qc6 18.
Qd3 Re6 19. b4 cxb4 20. Nd4 Qxc3 21. Nxe6+ fxe6 22. Qa6 Qc7 23. Rac1 Qe7 24. Rc6 Ne8 25. Bxa7 Kf7 26. Bd4 Rf8 27. Qe2 Nf6 28. Be5 Rd8 29.
Rec1 Ne4 30. Bxd6 Nxd6 31. Qh5+ Kg8 32. Qe5 Nf7 33. Qxe6 Qg5 34. Rc8 d4 35. Rxd8+ Qxd8 36. Rc8 1-0

[Event "*** Titled Tuesday Blitz"]
[Site "Chess.com"]
[Date "2020.04.07"]
[Round "3"]
[White "Hadza_3"]
[Black "Jadeit90"]
[Result "1-0"]
[WhiteElo "2433"]
[BlackElo "2230"]
[TimeControl "180+1"]
[EndTime "13:28:27 PDT"]
[Termination "Hadza_3 won by resignation"]

1. e4 c5 2. Nc3 g6 3. f4 Bg7 4.
Bc4 Nc6 5. Nf3 e6 6. O-O Nge7 7. Qe1 O-O 8. d3 d5 9. Bb3 c4 10. dxc4 d4 11. Nd1 a5 12. a3 b6 13. Nf2 a4 14.
Ba2 Na5 15. b4 axb3 16. cxb3 Bb7 17. Nd3 Qc7 18. Bb2 Rfd8 19. Rc1 Qc6 20. Nd2 Qc7 21.
b4 Nac6 22. c5 bxc5 23. Nxc5 Rac8 24. Nc4 Ba8 25. Qd2 Qa7 26. Kh1 h5 27. e5 Nd5 28.
Nd6 Rb8 29. Bxd5 exd5 30. Qd3 Nxb4 31. axb4 Rxb4 32. Bxd4 Qa2 33. Ra1 1-0

[Event "*** Titled Tuesday Blitz"]
[Site "Chess.com"]
[Date "2020.04.07"]
[Round "3"]
[White "MITerryble"]
[Black "Frogo47"]
[Result "1-0"]
[WhiteElo "2892"]
[BlackElo "2488"]
[TimeControl "180+1"]
[EndTime "13:28:32 PDT"]
[Termination "MITerryble won by resignation"]

1. d4 Nf6 2. Nf3 g6 3. Bg5 Bg7 4. c3 O-O 5. Nbd2 d5 6. e3 c6 7.
Be2 Nbd7 8. O-O Re8 9. c4 a5 10.
Rc1 a4 11. h3 Qa5 12. cxd5 cxd5 13. Qc2 Nf8 14. Bf4 Ne6 15. Bh2 Bd7 16. Qc3 Qb6 17. Ne5 Red8 18. Nxd7 Rxd7 19. Bd3 Rdd8 20. Nb1 Ne8 21. Qa3 Nd6 22. Nc3 Qa5 23. Rc2 Ng5 24. Rfc1 Nge4 25. Nxe4 Nxe4 26. Bxe4 dxe4 27. Qxe7 Qd5 28.
a3 Re8 29. Qc5 Qb3 30. Qc4 Qb6 31. Bc7 Qf6 32. Qd5 Qe6 33. Qxb7 h5 34. Bg3 g5 35. Qc6 Qf5 36. Rc5 Qg6 37. Qxg6 fxg6 38. Rxg5 Kh7 39. Rc6 1-0

[Event "*** Titled Tuesday Blitz"]
[Site "Chess.com"]
[Date "2020.04.07"]
[Round "3"]
[White "Perimir"]
[Black "Mazetovic"]
[Result "0-1"]
[WhiteElo "2407"]
[BlackElo "2638"]
[TimeControl "180+1"]
[EndTime "13:28:32 PDT"]
[Termination "Mazetovic won by resignation"]

1. e4 c5 2. Nc3 Nc6 3. g3 g6 4.
Bg2 Bg7 5. d3 h5 6. Be3 d6 7. Qd2 h4 8. gxh4 Rb8 9. f4 Rxh4 10.
Nf3 Rh8 11. h4 Nf6 12. Ng5 Ng4 13. Bg1 b5 14. O-O-O b4 15. Nd5 e6 16. Ne3 Nxe3 17. Bxe3 Qa5 18. Kb1 Nd4 19. Bxd4 Bxd4 20. Bf3 Rb6 21.
h5 Bc3 22. hxg6 Rxh1 23. gxf7+ Ke7 24. Rxh1 Bg7 25. Rh7 Ra6 26. a3 Bxb2 27. Qg2 Qxa3 28. f8=Q+ Kxf8 29. Nxe6+ Bxe6 0-1

[Event "*** Titled Tuesday Blitz"]
[Site "Chess.com"]
[Date "2020.04.07"]
[Round "3"]
[White "Hikaru"]
[Black "fmshawnrl123"]
[Result "1-0"]
[WhiteElo "3265"]
[BlackElo "2723"]
[TimeControl "180+1"]
[EndTime "13:28:33 PDT"]
[Termination "Hikaru won by resignation"]

1. e4 c6 2. Nc3 d5 3. Nf3 dxe4 4.
Nxe4 Nf6 5. Qe2 Nxe4 6. Qxe4 Nd7 7. Bc4 Nf6 8. Ne5 e6 9. Qe2 b5 10. Bd3 Bb7 11. b3 Bd6 12. Bb2 Nd5 13. Be4 Qc7 14.
Bxd5 cxd5 15. Qxb5+ Ke7 16. O-O Rhc8 17. Rac1 a5 18.
Rfe1 a4 19. Qd3 axb3 20. axb3 Ra2 21. Bc3 Bxe5 22. Bxe5 Qc6 23. Qxh7 Rxc2 24. Qh4+ f6 25. Rxc2 Qxc2 26. Qb4+ Ke8 27. Bxf6 gxf6 28. Qxb7 Rc6 29. h4 Qc5 30. h5 Rb6 31. Qg7 1-0

[Event "*** Titled Tuesday Blitz"]
[Site "Chess.com"]
[Date "2020.04.07"]
[Round "3"]
[White "Shahinyan_ChessMood"]
[Black "GadimbayliA"]
[Result "1/2-1/2"]
[WhiteElo "2665"]
[BlackElo "2923"]
[TimeControl "180+1"]
[EndTime "13:28:33 PDT"]
[Termination "Game drawn by agreement"]

1. e4 e5 2. Nf3 d5 3. d3 dxe4 4. dxe4 Qxd1+ 5. Kxd1 f6 6. Be3 Nh6 7. h3 Nf7 8. Nbd2 Be6 9. c3 Nd7 10. Kc2 Bc5 11. Bc4 Ke7 12. Rhe1 a5 13. Rad1 Rhd8 14. Nh4 g6 15. Nhf3 Bxe3 16. Rxe3 Nc5 17. Bxe6 Kxe6 18. Ne1 Rd7 19. Nd3 Nxd3 20. Rxd3 Rxd3 21. Kxd3 Rd8+ 22. Ke2 h5 23. Nc4 Rxd1 24. Kxd1 b6 25. Ke2 Nd6 26. Nxd6 Kxd6 27. g4 hxg4 28. hxg4 Kc5 29.
Kd3 b5 30. b3 c6 31. a3 Kd6 32. b4 a4 1/2-1/2

[Event "*** Titled Tuesday Blitz"]
[Site "Chess.com"]
[Date "2020.04.07"]
[Round "3"]
[White "canwedoit"]
[Black "twitchTriniCupid"]
[Result "1-0"]
[WhiteElo "2624"]
[BlackElo "2402"]
[TimeControl "180+1"]
[EndTime "13:28:33 PDT"]
[Termination "canwedoit won by resignation"]

1. Nf3 Nf6 2. g3 g6 3. Bg2 Bg7 4. O-O O-O 5. d4 c5 6. dxc5 Na6 7. Nc3 Nxc5 8. Nd4 d6 9. e4 Bg4 10. f3 Bd7 11. Be3 a6 12. Qd2 Rc8 13. Rad1 Na4 14. Nxa4 Bxa4 15. b3 Bd7 16. c4 b5 17. cxb5 axb5 18.
Rc1 Rxc1 19. Rxc1 Qa8 20. Rc7 Rc8 21. Rxc8+ Qxc8 22. Bf1 Qb8 23. Qb4 d5 24. Qxe7 dxe4 25. fxe4 Bg4 26. Bxb5 Qc8 27. Bc4 Qf8 28. Qxf8+ Bxf8 29. e5 Nd7 30. e6 fxe6 31. Nxe6 Bxe6 32. Bxe6+ 1-0

[Event "*** Titled Tuesday Blitz"]
[Site "Chess.com"]
[Date "2020.04.07"]
[Round "3"]
[White "DanielRensch"]
[Black "Funkmaus"]
[Result "1-0"]
[WhiteElo "2526"]
[BlackElo "2204"]
[TimeControl "180+1"]
[EndTime "13:28:33 PDT"]
[Termination "DanielRensch won on time"]

1. e4 c6 2. d4 d5 3. exd5 cxd5 4. c4 Nf6 5. Nc3 Nc6 6. Bg5 Ne4 7. Nxe4 dxe4 8. d5 Ne5 9. Qd4 f6 10. Bd2 Bf5 11.
h3 h5 12. f4 Nd3+ 13. Bxd3 exd3 14. Nf3 Rc8 15. b3 e5 16. fxe5 Bc5 17. Qf4 Bh7 18.
Bc3 O-O 19. e6 b5 20. Bd4 Bb4+ 21. Kf2 bxc4 22. bxc4 Rxc4 23. Rhc1 Qc8 24. Rxc4 Qxc4 25. Be3 Qc2+ 26. Kg1 Bc3 27. Rf1 Rd8 28. e7 Re8 29. d6 1-0

[Event "*** Titled Tuesday Blitz"]
[Site "Chess.com"]
[Date "2020.04.07"]
[Round "3"]
[White "ChadBiryani"]
[Black "ckgchess"]
[Result "0-1"]
[WhiteElo "2394"]
[BlackElo "2619"]
[TimeControl "180+1"]
[EndTime "13:28:34 PDT"]
[Termination "ckgchess won by resignation"]

1. d4 Nf6 2. Bf4 d5 3. e3 c5 4. dxc5 Nc6 5. Bb5 e6 6. b4 a5 7. c3 Bd7 8. Bxc6 Bxc6 9. Nd2 d4 10. Ngf3 dxc3 11. Nc4 Qxd1+ 12. Rxd1 axb4 13. Nd6+ Bxd6 14. Bxd6 Rxa2 15. Nd4 Ne4 16. O-O Nxd6 17. cxd6 Kd7 18.
Rb1 Rb2 19. Rxb2 cxb2 20. Rb1 Ra8 21. Nb3 Ra2 22. Kf1 Kxd6 23. Ke2 Be4 24. Rd1+ Ke7 25. Nd2 b1=Q 0-1

[Event "*** Titled Tuesday Blitz"]
[Site "Chess.com"]
[Date "2020.04.07"]
[Round "3"]
[White "XiaoKangZhong"]
[Black "aquaticpineapples"]
[Result "1-0"]
[WhiteElo "2423"]
[BlackElo "2228"]
[TimeControl "180+1"]
[EndTime "13:28:34 PDT"]
[Termination "XiaoKangZhong won by checkmate"]

1. e4 d5 2. exd5 Qxd5 3. Nc3 Qa5 4. d4 Nf6 5. Nf3 Nc6 6. Be2 Bg4 7. O-O O-O-O 8. Be3 e5 9. h3 Bxf3 10. Bxf3 exd4 11.
Bxc6 bxc6 12. Bxd4 c5 13. Qf3 cxd4 14. Rad1 Kb8 15.
Rd3 Bb4 16. Ne2 Rhe8 17. a3 Bd6 18. Nxd4 Bh2+ 19. Kxh2 Rxd4 20. Rxd4 Qe5+ 21. Qf4 Nh5 22. Qxe5 Rxe5 23. Rfd1 Nf6 24. R1d2 a5 25. Rd8+ Kb7 26.
Rf8 Re7 27. Rdd8 g6 28. Rb8+ Kc6 29. Ra8 Kb5 30. Rfb8+ Ka4 31. Rb4# 1-0

[Event "*** Titled Tuesday Blitz"]
[Site "Chess.com"]
[Date "2020.04.07"]
[Round "3"]
[White "Vegan4future"]
[Black "Jenia84"]
[Result "1-0"]
[WhiteElo "2515"]
[BlackElo "2297"]
[TimeControl "180+1"]
[EndTime "13:28:35 PDT"]
[Termination "Vegan4future won by resignation"]

1. e4 e5 2. Nf3 Nc6 3. Bb5 Nf6 4. O-O Nxe4 5. Re1 Nd6 6. Bxc6 dxc6 7. Nxe5 Be7 8. d4 O-O 9. c3 Bf5 10. Bf4 Bf6 11.
Nd2 Re8 12. Ndf3 c5 13. h3 cxd4 14. Nxd4 Be4 15. Ng4 c5 16. Nb3 Nc4 17. Nxc5 Qxd1 18. Raxd1 Bc6 19. Nxf6+ gxf6 20. b3 Nb2 21. Rb1 Rxe1+ 22.
Rxe1 b6 23. Ne4 Nd3 24. Nxf6+ Kg7 25. Nh5+ Kg6 26. Re3 Nxf2 27. Kxf2 Kxh5 28. Rg3 Re8 29. Rg5+ Kh4 30. Rg7 Kh5 31. g4+ 1-0

[Event "*** Titled Tuesday Blitz"]
[Site "Chess.com"]
[Date "2020.04.07"]
[Round "3"]
[White "vizumatv4hoda"]
[Black "matiss90"]
[Result "1-0"]
[WhiteElo "2736"]
[BlackElo "2513"]
[TimeControl "180+1"]
[EndTime "13:28:36 PDT"]
[Termination "vizumatv4hoda won on time"]

1. e4 c5 2. c3 Nf6 3. e5 Nd5 4.
d4 cxd4 5. Nf3 Nc6 6. cxd4 g6 7. Bc4 Nb6 8. Bb3 Bg7 9. O-O O-O 10. Nc3 d6 11.
Bf4 Bg4 12. exd6 exd6 13. Nb5 a6 14. Nxd6 Nxd4 15. Nxf7 Rxf7 16. Bxf7+ Kh8 17. Be3 Bxf3 18. gxf3 Qh4 19. Kh1 Rf8 20. f4 Nf5 21. Bxb6 Rxf7 22. Re1 h5 23. Qf3 Kh7 24. Rad1 Qf6 25. Ba5 Qxb2 26.
Re2 Qb5 27. Rd5 Qb1+ 28. Re1 Qxa2 29. Bb6 Nh4 30. Qe4 Re7 31. Rxh5+ Kg8 32. Qxe7 Qd5+ 33.
Rxd5 Kh7 34. Rd7 1-0

[Event "*** Titled Tuesday Blitz"]
[Site "Chess.com"]
[Date "2020.04.07"]
[Round "3"]
[White "amintabatabaei"]
[Black "Stormeman100100"]
[Result "1-0"]
[WhiteElo "2806"]
[BlackElo "2475"]
[TimeControl "180+1"]
[EndTime "13:28:36 PDT"]
[Termination "amintabatabaei won by resignation"]

1. e4 e5 2. Nf3 Nc6 3. Bb5 a6 4. Ba4 Nge7 5. O-O g6 6. c3 Bg7 7. d4 exd4 8. cxd4 O-O 9. d5 Na5 10.
d6 cxd6 11. Qxd6 b5 12. Bb3 Nxb3 13. axb3 Bb7 14. Nc3 Re8 15. Bg5 Nc8 16. Qd3 f6 17. Be3 Qe7 18. Rfe1 Nd6 19. Bc5 Bf8 20. Rad1 Qe6 21.
Bxd6 Qxb3 22. Bxf8 Rxf8 23. Qxd7 Rf7 24. Qd2 Re8 25. Nd4 Qc4 26. Qe2 Qc5 27. Nb3 Qg5 28.
Qd2 Qh5 29. Qd6 Re5 30. Na5 Bc8 31. Nd5 Rg5 32. Nxf6+ Rxf6 33. Qxf6 Rxg2+ 34. Kxg2 Bh3+ 35. Kh1 Qf3+ 36. Qxf3 1-0

[Event "*** Titled Tuesday Blitz"]
[Site "Chess.com"]
[Date "2020.04.07"]
[Round "3"]
[White "Sibelephant"]
[Black "Schachspielerr"]
[Result "1-0"]
[WhiteElo "3154"]
[BlackElo "2719"]
[TimeControl "180+1"]
[EndTime "13:28:38 PDT"]
[Termination "Sibelephant won on time"]

1. c4 e5 2. Nc3 Nf6 3. Nf3 Nc6 4. d3 g6 5. g3 Bg7 6. Bg2 O-O 7. O-O d6 8. b3 Bg4 9. Bb2 h6 10. h3 Be6 11. e3 Qd7 12. Kh2 Rae8 13. d4 exd4 14. exd4 Bf5 15. Nh4 Nxd4 16. Qxd4 Ng4+ 17. hxg4 Bxd4 18. gxf5 g5 19. Nf3 Bf6 20. Rad1 Qxf5 21. Nd4 Qg6 22. Nd5 c5 23. Nf5 Bd8 24. Nde3 Re6 25. Bd5 h5 26. Bxe6 Qxe6 27. Rxd6 Qe4 28. f3 1-0

[Event "*** Titled Tuesday Blitz"]
[Site "Chess.com"]
[Date "2020.04.07"]
[Round "3"]
[White "tteshan"]
[Black "eightbyeightchess"]
[Result "1-0"]
[WhiteElo "2198"]
[BlackElo "2334"]
[TimeControl "180+1"]
[EndTime "13:28:40 PDT"]
[Termination "tteshan won by resignation"]

1. d4 d5 2. c4 c6 3. Nc3 Nf6 4.
e3 a6 5. Nf3 Bg4 6. cxd5 cxd5 7. Qb3 b5 8. Ne5 Bf5 9. Be2 g6 10. Bf3 e6 11. O-O Bg7 12. Be2 O-O 13. a4 bxa4 14.
Rxa4 Nfd7 15. f4 Nxe5 16. fxe5 Nd7 17. Bd2 Rb8 18. Qa3 Qb6 19. b4 Rfc8 20. g4 Be4 21. Rxa6 Qxb4 22. Qxb4 Rxb4 23. Nxe4 Rb2 24. Nd6 Rxd2 25.
Nxc8 Rxe2 26. Nd6 h5 27. gxh5 Rxe3 28. Ra8+ Kh7 29. hxg6+ Kxg6 30. Rxf7 Nxe5 31. dxe5 Bxe5 32. Rg8+ 1-0

[Event "*** Titled Tuesday Blitz"]
[Site "Chess.com"]
[Date "2020.04.07"]
[Round "3"]
[White "esteban062000"]
[Black "rynos0411"]
[Result "0-1"]
[WhiteElo "2138"]
[BlackElo "2369"]
[TimeControl "180+1"]
[EndTime "13:28:40 PDT"]
[Termination "rynos0411 won by resignation"]

1. Nf3 Nf6 2. c4 c5 3. b3 Nc6 4. g3 g6 5. Bb2 Bg7 6. Bg2 O-O 7. O-O d5 8. cxd5 Nxd5 9. Bxg7 Kxg7 10. Nc3 Nxc3 11.
dxc3 Bf5 12. Nh4 Bd7 13. Qd5 b6 14. Rfd1 Be8 15. Qg5 Qc7 16. Nf5+ Kg8 17. Bxc6 Bxc6 18. Nxe7+ Kg7 19. Nf5+ Kg8 20. Rd6 f6 21. Rxc6 fxg5 22. Nh6+ Kg7 23. Rxc7+ Kxh6 24. Rd1 Rfe8 25. Rdd7 g4 26.
Rxh7+ Kg5 27. h4+ gxh3 28. f4+ Kg4 29. Kf2 Rh8 30. Rh4+ Rxh4 31. gxh4 Rh8 32. Rg7 Rxh4 33. Rxg6+ Kxf4 34. Rg8 h2 35. Rf8+ Ke5 36. Re8+ Kd6 37.
Rd8+ Kc7 0-1

[Event "*** Titled Tuesday Blitz"]
[Site "Chess.com"]
[Date "2020.04.07"]
[Round "3"]
[White "joppie2"]
[Black "Dinamo81"]
[Result "1-0"]
[WhiteElo "3014"]
[BlackElo "2572"]
[TimeControl "180+1"]
[EndTime "13:28:41 PDT"]
[Termination "joppie2 won on time"]

1. e4 e6 2. d4 d5 3. Nc3 Bb4 4. e5 Ne7 5. a3 Bxc3+ 6. bxc3 b6 7. Qg4 Nf5 8. Bd3 h5 9. Qf4 Qh4 10. Qd2 Ba6 11. Nf3 Qe7 12. a4 Bxd3 13. Qxd3 Nc6 14.
c4 Qb4+ 15. c3 Qxc4 16. Qxc4 dxc4 17. Nd2 Na5 18. Ba3 Ne7 19. Ke2 Nd5 20. Rac1 O-O-O 21.
g3 Kb7 22. h4 a6 23. Rc2 Rd7 24. Rb1 Rc8 25. Ne4 Ka7 26. f4 Nb3 27. Kf3 Ne7 28. Bxe7 Rxe7 29. Rcb2 Rd8 30. Rg1 Rd5 31.
g4 hxg4+ 32. Rxg4 g6 33. h5 gxh5 34. Rg7 Ra5 35. f5 exf5 36. Ng3 Kb7 37. Nxf5 Rd7 38. Nh6 Rxa4 39. e6 Rd8 40. exf7 1-0

[Event "*** Titled Tuesday Blitz"]
[Site "Chess.com"]
[Date "2020.04.07"]
[Round "3"]
[White "ChessQueen"]
[Black "talman67"]
[Result "1-0"]
[WhiteElo "2786"]
[BlackElo "2533"]
[TimeControl "180+1"]
[EndTime "13:28:41 PDT"]
[Termination "ChessQueen won on time"]

1. e4 e5 2. Nf3 Nc6 3. Bc4 Bc5 4. d3 Nf6 5. Bg5 h6 6. Bh4 d6 7. O-O g5 8. Bg3 h5 9. h4 Bg4 10. c3 Qd7 11. b4 Bb6 12. a4 a6 13. Nbd2 O-O-O 14.
a5 Ba7 15. b5 axb5 16. Bxb5 Rdg8 17. a6 bxa6 18. Rxa6 Bb6 19. Qa4 Kb7 20. Nc4 Ra8 21.
Bxc6+ Qxc6 22. Na5+ Kxa6 23. Qxc6 Bd7 24. Qc4+ Ka7 25.
hxg5 Ng4 26. Nc6+ Kb7 27. Ne7 Ra4 28. Qd5+ Kb8 29. Qxf7 h4 30. Nxh4 Nxf2 31. Bxf2 1-0

[Event "*** Titled Tuesday Blitz"]
[Site "Chess.com"]
[Date "2020.04.07"]
[Round "3"]
[White "IrI_Cheetah"]
[Black "Sviridov_Valery"]
[Result "0-1"]
[WhiteElo "2333"]
[BlackElo "2746"]
[TimeControl "180+1"]
[EndTime "13:28:42 PDT"]
[Termination "Sviridov_Valery won by resignation"]

1. e4 g6 2. h4 h5 3. g4 hxg4 4. Nc3 d6 5. d4 Bg7 6. Be2 Nc6 7. Be3 e5 8. dxe5 Nxe5 9. Qd2 Rxh4 10. Rxh4 Qxh4 11. O-O-O Qd8 12. f4 gxf3 13. Nxf3 Nxf3 14. Bxf3 c6 15. Bf4 Be6 16. Kb1 Qa5 17. Qxd6 Rd8 18.
Qxd8+ Qxd8 19. Rxd8+ Kxd8 20. Na4 b6 21. Bb8 Bd4 22.
c3 Be3 23. Kc2 Kc8 24. Be5 b5 25. Kd3 Bg1 0-1

[Event "*** Titled Tuesday Blitz"]
[Site "Chess.com"]
[Date "2020.04.07"]
[Round "3"]
[White "SmirnovTimofey2000"]
[Black "Teidi96"]
[Result "1-0"]
[WhiteElo "2534"]
[BlackElo "2221"]
[TimeControl "180+1"]
[EndTime "13:28:44 PDT"]
[Termination "SmirnovTimofey2000 won by resignation"]

1. e4 c5 2. Nf3 e6 3. d4 cxd4 4.
Nxd4 Nc6 5. Nc3 Qc7 6. Be3 a6 7. Qd2 Nf6 8. f3 Bb4 9. O-O-O O-O 10. a3 Be7 11. g4 b5 12. g5 Nh5 13. Nb3 b4 14. axb4 Bxb4 15. Bc5 Bxc5 16. Nxc5 Ne5 17.
Qd6 Qxd6 18. Rxd6 Nf4 19. Ne2 Nc4 20. Rd4 Nxe2+ 21. Bxe2 Nb6 22. Rd6 Rb8 23. Bxa6 Bxa6 24. Nxa6 Rb7 25. Nc5 Rc7 26. Rxb6 Rxc5 27. Rd6 Rxg5 28.
Rxd7 Rg2 29. Rd2 Rg5 30. b4 Rc8 31. Kb2 h5 32. Rhd1 Kh7 33. Kb3 Rb5 34. c4 Rb7 35.
Rd7 Rcb8 36. Rxb7 Rxb7 37. c5 Kg6 38. Kc4 Kf6 39. c6 Rc7 40. Kc5 Ke7 41. b5 g5 42.
b6 Rc8 43. b7 1-0

[Event "*** Titled Tuesday Blitz"]
[Site "Chess.com"]
[Date "2020.04.07"]
[Round "3"]
[White "Azeryahu"]
[Black "ChesterF"]
[Result "1-0"]
[WhiteElo "2862"]
[BlackElo "2484"]
[TimeControl "180+1"]
[EndTime "13:28:45 PDT"]
[Termination "Azeryahu won by resignation"]

1. g3 d5 2. Nf3 Nf6 3. Bg2 Bf5 4.
O-O e6 5. c4 c6 6. d4 h6 7. Nc3 Nbd7 8. cxd5 exd5 9. Ne5 Bd6 10. Bf4 Qe7 11. Qb3 Rb8 12. Nxd7 Nxd7 13. Bxd6 Qxd6 14.
e4 dxe4 15. Bxe4 Be6 16. d5 cxd5 17. Bxd5 Nc5 18. Qb5+ Ke7 19. Rfe1 Rhd8 20. Rad1 Qb6 21. Bxe6 Nxe6 22. Nd5+ Rxd5 23. Qxb6 axb6 24. Rxd5 Rc8 25.
Red1 Rc2 26. R1d2 Rc1+ 27. Kg2 Rc7 28. Rb5 Rc6 29. Rd3 Nc7 30. Re5+ Ne6 31. h4 f6 32. Red5 Rc7 33. Rd6 Nc5 34. Rd1 b5 35. Rb6 1-0

[Event "*** Titled Tuesday Blitz"]
[Site "Chess.com"]
[Date "2020.04.07"]
[Round "3"]
[White "ersekitamara"]
[Black "ftorodent"]
[Result "0-1"]
[WhiteElo "1904"]
[BlackElo "2505"]
[TimeControl "180+1"]
[EndTime "13:28:45 PDT"]
[Termination "ftorodent won by resignation"]

1. d4 f5 2. Nf3 Nf6 3. e3 g6 4.
Bd3 Bg7 5. b3 O-O 6. Bb2 d6 7.
Nbd2 e5 8. dxe5 Ng4 9. O-O Nxe5 10. Nxe5 dxe5 11. Bc4+ Kh8 12. Nf3 Qe7 13. a4 Rd8 14. Qe2 Nc6 15. Rfd1 Be6 16. Bxe6 Qxe6 17. h4 h6 18. Qb5 b6 19. c4 Kh7 20. Ne1 a6 21.
Rxd8 Rxd8 22. Qxa6 f4 23. e4 Nd4 24. Bxd4 exd4 25. Nf3 d3 26. a5 Bxa1 27. axb6 d2 28.
Nxd2 Rxd2 29. b7 Qxa6 0-1

[Event "*** Titled Tuesday Blitz"]
[Site "Chess.com"]
[Date "2020.04.07"]
[Round "3"]
[White "Vugar_Manafov"]
[Black "GOGIEFF"]
[Result "0-1"]
[WhiteElo "2671"]
[BlackElo "2948"]
[TimeControl "180+1"]
[EndTime "13:28:46 PDT"]
[Termination "GOGIEFF won by resignation"]

1. d4 d5 2. Nf3 Nf6 3. Bf4 Bf5 4. e3 e6 5. c3 Bd6 6. Nbd2 Nbd7 7. Be2 O-O 8. Nh4 Be4 9. Nxe4 dxe4 10. O-O Bxf4 11. exf4 Nd5 12. g3 Nxf4 13. Re1 Nh3+ 14. Kg2 Ng5 15. Bb5 f5 16. d5 Ne5 17. dxe6 Qe7 18.
Qd5 Qxe6 19. Qxb7 Rab8 20. Qa6 Rb6 21. Qa4 f4 22. Rad1 e3 23. Bd7 Nxd7 24. Qxd7 Qe4+ 25. Kf1 e2+ 0-1